cohdb
Replays
Latest Replays
All Replays
Popular Replays
Top Player Replays
Match Explorer
How It Works
Community
CoH3 Stats
Reddit
Sign in to upload your games and track your stats! →
Sign in with Steam
Match 33303714
Unlisted
Match 33303714
Overview
Messages
Build Orders
End
Construct Weapon Support Center
Selects Advanced Infantry Battlegroup
Sniper
Construct Barracks
Riflemen Squad
Infantry Support Center
Selects Convert to Ranger Squad
Convert to Ranger Squad
Ranger Squad
Construct Medical Station
Munitions Surplus
M1918 Browning Automatic Rifles
Selects Frontline Medical Station
Frontline Medical Station
Bazooka Squad
Engineer Squad
.30 cal Machine Gun
Mortar Pit
Survival Training
Advanced Logistics
Selects Ranger Weapon Training
Selects Ammunition Storage
Engineer Squad
Construct Tank Depot
Frontline Medical Station
Selects M2A1 105mm Howitzer Emplacement
M18 Hellcat Tank Destroyer
M4(105) Sherman Bulldozer
Ranger Squad
Selects Free Fire Drills
Engineer Squad
Loko
gUi
PH0BB05
NonstopCav
Private Pyle
nopasanada
0
0
Comments
sign in to comment!
No comments posted yet!